[Event "German Masters 2022"]
[Site "Magdeburg"]
[Date "2022.08.16"]
[Round "1.1"]
[White "Koelle, Tobias"]
[Black "Keymer, Vincent"]
[Result "0-1"]
[ECO "D37"]
[WhiteElo "2436"]
[BlackElo "2686"]
[Annotator "TA"]
[PlyCount "86"]
[EventDate "2022.08.16"]
[EventType "tourn"]
[EventCountry "GER"]
[SourceTitle "playchess.com"]
[Source "ChessBase"]
[SourceQuality "1"]
[TimeControl "40/5400+30:1800+30"]

1. d4 Nf6 2. c4 e6 3. Nf3 d5 4. Nc3 h6 5. Bf4 Bd6 6. Bxd6 {[%emt 0:00:29] D37: Queen's Gambit Declined: 5 Bf4.} Qxd6 $1 {[%emt 0:00:06] 6...Qxd6 is better than 6...cxd6.} 7. e3 O-O 8. Bd3 {[%emt 0:03:05] White is slightly better.} b6 {[%emt 0:08:32] [#]} 9. cxd5 $146 ({Predecessor:} 9. O-O dxc4 10. Bxc4 Bb7 11. Qe2 c5 12. Nb5 Qe7 13. dxc5 bxc5 14. Rfd1 Nc6 15. Nd6 Rab8 16. Nxb7 Qxb7 17. Rab1 Na5 18. Ba6 Qc7 {0-1 (18) Duenas,A (2053)-Basant,N (2000) FICGS email 2012}) 9... Nxd5 10. Nxd5 exd5 11. O-O Be6 12. Rc1 Nd7 13. Qa4 {[%emt 0:18:45] Rc6 is the strong threat.} c5 $1 14. dxc5 bxc5 15. Rfd1 Rfc8 16. b3 a5 17. Qa3 Qb6 (17... Qb8 {feels hotter.} 18. h3 Qb4 19. Qb2 a4) 18. e4 ({White should try} 18. Bc2 $11) 18... d4 $1 $15 19. Qa4 Bg4 20. Re1 (20. Rd2 $142) 20... Qg6 (20... Qd8 $142 $1 {aiming for ...Bxf3.} 21. Bb5 Nb6) 21. Nd2 (21. g3 $17) 21... Ne5 $19 22. Bf1 Qg5 23. Rc2 d3 24. Rb2 Bd7 25. Qa3 a4 26. bxa4 Bxa4 27. Qc3 (27. Bxd3 $2 Bc2 $1 28. Ba6 Qxd2 $19) 27... Bc2 {[%emt 0:00:11][%cal Oa8a3] White must now prevent ...Ra3!} 28. Re3 Ng4 (28... Qf6 $19 {[%cal Oe5f3] has better winning chances. Hoping for ...Nf3+!} 29. Rxc2 dxc2 30. Qxc2 Ng4) 29. Rg3 $17 Qf4 30. Nf3 c4 {[%emt 0:04:21] Threatens to win with ...Bd1. The board is on fire.} (30... Qxe4 $2 31. h3 $18) 31. Rb4 {[%emt 0:00:57] [#]} (31. h3 $15 Nf6 32. Nd2) 31... Nf6 {[%emt 0:08:08] Active counter play!} ({Don't take} 31... Qxe4 32. h3 h5 33. hxg4 hxg4 34. Nd2 $18) (31... Rxa2 32. Rxc4 Rxc4 33. Qxc4 Nxf2 34. Qc3 $15 (34. Qxa2 Nxe4 35. Qa8+ Kh7 $11)) (31... Bd1 $1 $19 {[%cal Rd1f3] And now ...Bxf3 would win.} 32. Rxc4 Rxc4 33. Qxc4 d2 34. Rxg4 Qxg4 35. Nxd2 Qd7) 32. Nd2 Rab8 (32... Bd1 $17 33. Rxc4 Rxc4 34. Nxc4 Be2) 33. Rxb8 Rxb8 (33... Qxb8 {with more complications.} 34. Nxc4 Qf4 35. h3 Qxf2+ 36. Kxf2 Nxe4+ 37. Ke3 Nxc3 38. Bxd3 Bxd3 39. Kxd3 Nxa2 40. Kd4 Rd8+) 34. Rf3 $2 (34. h3 $15) 34... Nxe4 $19 35. Rxf4 Nxc3 36. Rxc4 Nb1 ({Not} 36... Nxa2 37. f4 $15) 37. Nf3 {[%emt 0:00:51] [#]} Rd8 ({Weaker is} 37... d2 38. Nxd2 Bf5 39. Nb3 $14) 38. a4 Bb3 39. Rd4 (39. Rb4 $142 d2 40. Nxd2 Nxd2 41. f3) 39... Rxd4 40. Nxd4 d2 41. Be2 Nc3 42. Bf3 (42. Bh5 $142 Bxa4 43. f4) 42... Bd5 {[%emt 0:00:00] ( -> ...Bxf3)} 43. Bg4 h5 {[%emt 0:00:00] Weighted Error Value: White=0.53/Black=0.14 (very precise)} 0-1

[Event "German Masters 2022"]
[Site "Magdeburg"]
[Date "2022.08.16"]
[Round "1.2"]
[White "Engel, Luis"]
[Black "Rosner, Jonas"]
[Result "1-0"]
[ECO "B12"]
[WhiteElo "2558"]
[BlackElo "2478"]
[Annotator "TA"]
[PlyCount "81"]
[EventDate "2022.08.16"]
[EventType "tourn"]
[EventCountry "GER"]
[SourceTitle "playchess.com"]
[Source "ChessBase"]
[SourceQuality "1"]
[TimeControl "40/5400+30:1800+30"]

1. e4 c6 2. d4 d5 3. e5 Bf5 4. Nd2 e6 5. Nb3 Nd7 6. Nf3 a6 {[%emt 0:00:59] B12: Caro-Kann: Advance Variation.} 7. Be2 c5 8. dxc5 Bxc5 {[%emt 0:01:25] The position is equal.} 9. Nxc5 Nxc5 10. Be3 $5 {[%emt 0:03:46][%mdl 4] A promising side line.} Qc7 11. O-O Ne7 12. c4 dxc4 {[%emt 0:09:08] [#]} 13. Bxc4 $146 (13. Qd6 $14 {was preferrable.} Rc8 14. Bxc4) ({Predecessor:} 13. Qd6 Rc8 14. Rac1 b5 15. Rfd1 Nd5 16. Bxc5 Qxc5 17. Qxa6 O-O 18. Nd4 Nf4 19. Bf1 {1-0 (71) Gokerkan,C (2466)-Bluebaum,M (2674) Chess.com INT 2021}) 13... Rd8 $11 14. Qc1 O-O 15. b3 Nd7 16. Bg5 Rfe8 17. Qa3 Qc5 18. Qxc5 Nxc5 19. Rfd1 Rc8 20. Rac1 h6 21. Be3 Be4 (21... Ne4 $11) 22. Be2 b6 23. b4 Na4 {[%emt 0:00:41] Strongly threatening ...Nc3.} 24. Bxa6 Rxc1 25. Rxc1 {[%emt 0:00:04] Black must now prevent Bb5.} ({Reject} 25. Bxc1 Ra8 26. Bc4 Nc6 $15) 25... Ra8 $1 26. Bb5 $36 {[%emt 0:03:23][%mdl 2048] And now Nd2 would win. White is pushing. A strong pair of Bishops.} Nf5 {[%emt 0:03:39] A mistake that costs the game.} (26... Nb2 $1 $14) 27. Nd2 $18 Nxe3 28. fxe3 Bg6 {[%emt 0:01:06] [#]} 29. e4 $1 Nb2 30. Rc2 Nd1 (30... Rxa2 $16 {keeps fighting.} 31. Bf1 Kf8) 31. a4 Ne3 32. Rc3 Ng4 33. Nc4 {[%emt 0:00:31] Threatens to win with h3.} Rd8 {[%emt 0:00:15][%cal Rd8d1] [#]} 34. Rc1 {[%emt 0:00:06] Against Rd1+. Hoping for h3.} Rc8 35. Re1 f6 36. exf6 Nxf6 37. Nxb6 Rc2 38. Nd7 (38. e5 $142) 38... Rb2 39. Bc4 Rxb4 (39... Nxd7 $142 40. Bxe6+ Kf8) 40. Bxe6+ Kh7 $2 (40... Bf7) 41. Nf8+ {[%emt 0:30:18] Weighted Error Value: White=0.13 (very precise) /Black=0.29 (precise)} 1-0

[Event "German Masters 2022"]
[Site "Magdeburg"]
[Date "2022.08.16"]
[Round "1.3"]
[White "Fridman, Daniel"]
[Black "Svane, Rasmus"]
[Result "1/2-1/2"]
[ECO "D41"]
[WhiteElo "2599"]
[BlackElo "2649"]
[Annotator "TA"]
[PlyCount "81"]
[EventDate "2022.08.16"]
[EventType "tourn"]
[EventCountry "GER"]
[SourceTitle "playchess.com"]
[Source "ChessBase"]
[SourceQuality "1"]
[TimeControl "40/5400+30:1800+30"]

1. d4 Nf6 2. c4 e6 3. Nf3 d5 4. Nc3 c5 5. cxd5 cxd4 6. Qxd4 exd5 7. e4 {[%emt 0:02:55] D41: Queen's Gambit Declined: Semi-Tarrasch with 5 cxd5.} dxe4 8. Qxd8+ Kxd8 9. Ng5 Be6 10. Nxe6+ fxe6 11. Bg5 Nc6 $1 {[%emt 0:00:19][%mdl 4] is more profitable than 11...Ke8 at the moment.} 12. O-O-O+ Ke8 13. Bb5 Rc8 {[%emt 0:00:20] The position is equal.} 14. Kb1 Bb4 15. Bxf6 gxf6 16. Nxe4 f5 17. Ng5 {[%emt 0:06:30] [#] Threatens to win with a3.} Ke7 $1 18. a3 Ba5 19. f4 h6 20. Nf3 Rhd8 21. Rxd8 Nxd8 22. Rd1 Rc7 23. Ne5 a6 24. Be2 {[%emt 0:08:36] [#] aiming for Nc4.} Nc6 $146 ({Predecessor:} 24... Bb6 25. Ng6+ Ke8 26. Bh5 Nc6 27. g4 fxg4 28. Rd6 Kf7 29. f5 Kf6 30. fxe6 Kg5 {½-½ (56) Carlsen,M (2862)-Tari,A (2625) Wijk aan Zee 2021}) 25. Nxc6+ Rxc6 $11 {[%emt 0:00:05][%mdl 4096] Endgame KRB-KRB} 26. Bf3 Rc7 27. Rc1 Rxc1+ 28. Kxc1 {[%emt 0:00:06] KB-KB} Bc7 29. g3 b6 30. Kd2 e5 31. fxe5 Bxe5 32. b3 Bd6 33. a4 a5 34. Ke2 Bc5 35. Bc6 Kf6 36. Kf3 Bd6 37. h3 Bc5 38. g4 fxg4+ 39. hxg4 Kg5 40. Bb5 h5 41. Ke4 {Weighted Error Value: White=0.01 (flawless) /Black=0.01 (flawless)} (41. gxh5 $11 {remains equal.} Kxh5 42. Be8+ Kg5 43. Bd7) 1/2-1/2

[Event "German Masters 2022"]
[Site "Magdeburg"]
[Date "2022.08.16"]
[Round "1.4"]
[White "Kollars, Dmitrij"]
[Black "Huschenbeth, Niclas"]
[Result "0-1"]
[ECO "C28"]
[WhiteElo "2648"]
[BlackElo "2610"]
[Annotator "TA"]
[PlyCount "56"]
[EventDate "2022.08.16"]
[EventType "tourn"]
[EventCountry "GER"]
[SourceTitle "playchess.com"]
[Source "ChessBase"]
[SourceQuality "1"]
[TimeControl "40/5400+30:1800+30"]

1. e4 e5 2. Bc4 Nf6 3. Nc3 Nc6 4. d3 Na5 5. Nge2 Nxc4 6. dxc4 Be7 7. O-O d6 8. Ng3 {[%emt 0:01:15] C28: Vienna Game: 2...Nf6 3 Bc4 Nc6.} h5 $5 {[%emt 0:09:13][%cal Bh7h5,Bh5h4][%mdl 4] [#] An interesting side line.} 9. f4 $146 ({Predecessor:} 9. h3 h4 10. Nge2 c6 11. Be3 Nh5 12. Qd2 Be6 13. b3 g5 14. f3 Nf4 15. Kh2 Qd7 16. Nxf4 gxf4 {0-1 (46) Shklovski,V (2220)-Allahverdiyev,A (2403) Chalkidiki 2000}) 9... h4 10. Nf5 {[%emt 0:00:25] Black is slightly better.} Bxf5 11. exf5 c6 12. Be3 {[%emt 0:09:13] Against Qb6} (12. Qd3 {with more complications.} Qa5 13. Rb1 h3 14. b4) 12... Qa5 13. Rb1 e4 14. Bd4 O-O-O 15. Bxf6 Bxf6 16. Nxe4 d5 17. cxd5 Rxd5 18. Qf3 Qxa2 (18... h3 $5) 19. Nxf6 gxf6 20. Qc3 {[%emt 0:00:04] [#] Prevents Rd2. Ra1 is the strong threat.} Rxf5 21. Ra1 Qd5 {[%emt 0:00:43][%cal Oh4h3] Hoping for ...h3!} 22. Rxa7 h3 23. Qf3 {[%emt 0:06:04] [#]} (23. Rf2 $11 Kb8 24. Ra1) 23... Qc5+ $1 $17 24. Qf2 hxg2 $40 {[%emt 0:00:30][%cal Of5f4][%mdl 128] ( -> ...Rxf4!). Black is out for blood.} 25. Kxg2 $2 {[%emt 0:00:49][%mdl 8192] This move loses the game for White.} (25. Ra8+ $17 Kc7 26. Qxc5 Rxc5 27. Rxh8 gxf1=Q+ 28. Kxf1) 25... Rg8+ 26. Kh1 Qd5+ 27. Qf3 Rxf4 $1 28. Ra8+ Kc7 {[%emt 0:00:05] Weighted Error Value: White=0.59/Black=0.04 (flawless)} 0-1

[Event "German Masters 2022"]
[Site "Magdeburg"]
[Date "2022.08.16"]
[Round "1.5"]
[White "Svane, Frederik"]
[Black "Braun, Arik"]
[Result "1-0"]
[ECO "B41"]
[WhiteElo "2521"]
[BlackElo "2594"]
[Annotator "TA"]
[PlyCount "107"]
[EventDate "2022.08.16"]
[EventType "tourn"]
[EventCountry "GER"]
[SourceTitle "playchess.com"]
[Source "ChessBase"]
[SourceQuality "1"]
[TimeControl "40/5400+30:1800+30"]

1. e4 c5 2. Nf3 e6 3. d4 cxd4 4. Nxd4 a6 5. c4 Nf6 6. Nc3 Qc7 7. Be2 Bb4 8. Nc2 Be7 {[%emt 0:00:41] B41: Sicilian: Kan Variation: 5 c4.} 9. g4 {[%emt 0:02:27] 9.Be3 is becoming the main line.} h6 10. f4 d6 {[%emt 0:02:06][%cal Ob7b5] The position is equal.} 11. Be3 b6 {[%emt 0:04:29] [#]} 12. Qd3 $146 ({Predecessor:} 12. Bf3 Bb7 13. Qe2 Nbd7 14. h4 Rc8 15. g5 hxg5 16. hxg5 Rxh1+ 17. Bxh1 Ng8 18. Na3 {1-0 (35) Tomulic,T (2359)-Jambresic,F (2082) Cakovec 2020}) 12... Bb7 13. O-O-O Nbd7 14. b4 $2 {[%emt 0:07:44] [#] Against Nc5} (14. h4 $11 {and White stays safe.}) 14... Rc8 (14... b5 $1 $19 {has better winning chances.} 15. cxb5 O-O) 15. Kb2 g5 (15... b5 $17 16. cxb5 a5) 16. h4 (16. fxg5 $2 Ne5 17. Qd4 hxg5 18. Bxg5 Nxc4+ 19. Bxc4 Qxc4 20. Bxf6 Bxf6 21. Qxf6 Rh3 $17) 16... gxf4 ({Black should try} 16... Rg8 $15) 17. Bxf4 $11 {[%emt 0:00:16] aiming for g5.} Ne5 18. Bxe5 dxe5 19. g5 (19. Qe3 $5 ) 19... Rd8 20. Qf3 Rxd1 $1 21. Rxd1 hxg5 22. hxg5 Nh7 23. g6 Ng5 (23... fxg6 $5 24. Qh3 (24. Rf1 Ng5 $17) 24... Kf7 $11) 24. gxf7+ (24. g7 Rg8 25. Qh5 Rxg7 26. Qh8+ Bf8 $17) 24... Kf8 $1 25. Qg2 Rh4 26. Rh1 Rxh1 27. Qxh1 {[%emt 0:00:01] Intending Qh8+ and mate. Really sharp!} Kg7 {[%emt 0:00:22] Against Qh8+} 28. a3 Qd8 29. Qh2 Bf6 30. Qg1 Kxf7 31. Qe3 Be7 32. Bd3 Bc6 {[%emt 0:01:10] Prevents Na4.} 33. Na1 a5 34. Nc2 axb4 35. axb4 Ke8 36. Kb3 Kd7 37. b5 Bb7 38. Na4 Ke8 39. Kc3 Qa8 (39... Bf8 $11 {remains equal.}) 40. Nxb6 $16 Qa2 41. Kd2 (41. c5 $16 {Threatens to win with c6.} Qa5+ 42. Kb2 Nxe4 43. c6 (43. Bxe4 Qxb5+ 44. Kc3 Qa5+ 45. Kb3 Qb5+ 46. Kc3 Qa5+ 47. Kb3 Qb5+ 48. Kc3 $11)) 41... Qb1 (41... Qb3 $1 $14) 42. c5 $36 {[%emt 0:07:25][%mdl 2048] Strongly threatening c6. White is really pushing.} Bxe4 {[%emt 0:01:48] Loses the game.} 43. Bxe4 $18 Qxb5 44. Bg6+ Kd8 $2 (44... Kf8 45. Bd3 Qa5+ 46. Kc1 Qc3 47. Nd7+ Kg7) 45. Qa3 {[%emt 0:00:17] Threatening mate with Qa8+. White is clearly winning.} Qc6 46. Qa5 {[%emt 0:00:29] Nd5+ would kill now.} ({Not} 46. Qd3+ Kc7 47. Qe3 (47. Nb4 Qg2+ 48. Kc1 Qh1+ 49. Kb2 Bxc5 $16) 47... Bxc5 48. Qxg5 (48. Qxe5+ Kxb6 49. Qxg5 Qd5+ 50. Qxd5 exd5 $11) 48... Bxb6 49. Qe7+ (49. Qxe5+ Qd6+ 50. Qxd6+ Kxd6 $11) 49... Kc8 $18) 46... Bf8 47. Nd5+ Kc8 48. Ncb4 Qb7 49. c6 Bxb4+ 50. Nxb4 Qb8 51. Qc5 (51. Be8 $142 Ne4+ 52. Kc2) 51... Qc7 52. Ke3 Qd8 53. Qa7 Qd6 {[%emt 0:01:56] [#]} 54. Be8 $1 {[%emt 0:00:59] Weighted Error Value: White=0.21 (precise) /Black=0.30} 1-0

[Event "German Masters 2022"]
[Site "Magdeburg"]
[Date "2022.08.17"]
[Round "2.1"]
[White "Keymer, Vincent"]
[Black "Braun, Arik"]
[Result "1-0"]
[ECO "E10"]
[WhiteElo "2686"]
[BlackElo "2594"]
[Annotator "TA"]
[PlyCount "183"]
[EventDate "2022.08.16"]
[EventType "tourn"]
[EventCountry "GER"]
[SourceTitle "playchess.com"]
[Source "ChessBase"]
[SourceQuality "1"]
[TimeControl "40/5400+30:1800+30"]

1. d4 Nf6 2. c4 e6 3. Nf3 a6 4. Nc3 d5 5. cxd5 exd5 6. Bg5 Be6 7. e3 Nbd7 8. Bf4 c6 9. Bd3 Bg4 10. h3 Bh5 11. Qb3 Bxf3 12. gxf3 b5 13. O-O-O Be7 14. Qc2 Nh5 (14... Rc8 $14) 15. Bh2 (15. Be5 $16) 15... g6 $11 16. Rhg1 Rc8 17. Kb1 (17. Be5 $5 Nxe5 18. dxe5 $11) 17... Nf8 (17... Ng7 $14 {deserves consideration.}) 18. Be5 $16 f6 19. Bh2 Qd7 20. e4 Ne6 $1 21. exd5 ({White should play} 21. Qc1 $11) 21... cxd5 $15 22. Qb3 Nhf4 (22... Nxd4 23. Qxd5 Qxd5 24. Nxd5 Nxf3 25. Rge1 $1 Nxe1 26. Rxe1 $14) 23. Rge1 Kf8 24. Bf1 Kg7 25. a4 b4 ({Better is} 25... bxa4 $1 $15 26. Qxa4 Qxa4 27. Nxa4 Bb4) 26. Na2 (26. Ne2 $11 Nxe2 27. Rxe2) 26... Rc6 $15 27. Nc1 (27. Nxb4 $2 Rb6 28. Bxf4 Nxf4 29. Rxe7+ Qxe7 30. Nxd5 Nxd5 31. Qxd5 Rhb8 $19) 27... Rhc8 28. Qe3 $2 ({White must play} 28. h4 $1 $15) 28... Bd6 $19 29. Nb3 Rc3 $1 30. bxc3 Rxc3 31. Nc1 Rxe3 32. fxe3 Ng2 (32... Qxa4 33. exf4 Nxf4 34. Rd2 $14) 33. Bxg2 Bxh2 34. f4 Bxf4 $2 (34... Nc7 $19 35. Nb3 Qxa4) 35. exf4 $11 Nxf4 36. Bf1 Qxa4 37. Re7+ Kh6 $1 38. Rd2 a5 39. Rf2 Nh5 40. Ra2 $1 Qd1 41. Be2 Qxd4 (41... Qe1 $5 42. Rxa5 Nf4 $11) 42. Bxh5 Kxh5 43. Rxa5 f5 44. Rxh7+ Kg5 45. h4+ Kg4 46. Re7 Kxh4 (46... f4 $5 47. Ra6 f3 48. Rxg6+ Kh3 $11) 47. Ra2 Qg1 48. Rd2 Kg5 49. Rxd5 b3 50. Re2 b2 (50... Qh1 51. Red2 $16) 51. Kxb2 Kh6 52. Nd3 Qb6+ 53. Kc3 Qc6+ 54. Rc5 Qf6+ 55. Kd2 Qa1 56. Re1 ({Don't play} 56. Rh2+ Kg5 57. Rg2+ Kh6 $18) 56... Qa2+ 57. Ke3 Qa7 (57... Qe6+ $14 58. Re5 Qb6+ 59. Kd2 Qd4) 58. Rh1+ $16 Kg7 59. Rhc1 Kh6 (59... Qe7+ $14 60. Kd2 Qg5+ 61. Kc3 (61. Kc2 Qg2+ 62. Kc3 Qa8 $18) 61... Qf6+ 62. Kc2 Qd4) 60. Ke2 $18 Qa2+ 61. Kf3 (61. Kf1 $1 $18) 61... Qa3 (61... Qb3 $16) 62. R1c3 $18 Qa1 63. Kg2 Qd1 64. Nf2 Qd6 65. Kg1 Qa6 66. Rc6 Qa1+ 67. Kg2 Qa8 68. Kg3 Qa1 (68... Qb8+ $16 69. Rc7 Kh5) 69. Rd3 $1 $18 Qg1+ 70. Kf3 Qg5 71. Rdd6 Qh5+ 72. Kg2 Qg5+ 73. Kf1 Qg3 74. Rd3 Qe5 75. Kg2 Qe8 (75... Qe7 $16 76. Rg3 Qe8) 76. Rdd6 $18 Kh5 77. Re6 Qg8 $2 {[%emt 0:00:47][%mdl 8192] [#]} (77... Qa8 $16 78. Rxg6 Kh4) 78. Kf3 $1 Qd8 79. Rxg6 Qd5+ 80. Kg3 f4+ 81. Kxf4 Qd2+ {[%emt 0:01:30] [#]} 82. Kf3 $1 Qd5+ 83. Ke2 Qa2+ 84. Ke3 Qa7+ 85. Kf3 Qf7+ 86. Rgf6 Qd5+ 87. Ke3 Qg5+ 88. Ke4 Qd2 89. Nd3 Qg2+ 90. Rf3 Qe2+ 91. Kf4 Qh2+ 92. Ke4 $2 (92. Kf5 {mates} Qg3 93. Rxg3 Kh4 94. Rg4+ Kh5 95. Nf4#) 1-0

[Event "German Masters 2022"]
[Site "Magdeburg"]
[Date "2022.08.17"]
[Round "2.2"]
[White "Huschenbeth, Niclas"]
[Black "Svane, Frederik"]
[Result "0-1"]
[ECO "C67"]
[WhiteElo "2610"]
[BlackElo "2521"]
[Annotator "TA"]
[PlyCount "76"]
[EventDate "2022.08.16"]
[EventType "tourn"]
[EventCountry "GER"]
[SourceTitle "playchess.com"]
[Source "ChessBase"]
[SourceQuality "1"]
[TimeControl "40/5400+30:1800+30"]

1. e4 e5 2. Nf3 Nc6 3. Bb5 Nf6 4. O-O Nxe4 5. Re1 Nd6 6. Nxe5 Be7 7. Bf1 Nxe5 8. Rxe5 O-O 9. d4 Bf6 10. Re1 Re8 {[%emt 0:00:10] C67: Ruy Lopez: Berlin Defence: 4 0-0 Nxe4.} 11. c3 Rxe1 12. Qxe1 Ne8 {[%emt 0:00:09] The position is equal.} 13. d5 d6 14. Be3 {[%emt 0:00:05] [#]} c6 $146 ({Predecessor:} 14... Bf5 15. Qd2 a5 16. a4 Be5 17. Na3 Qh4 18. g3 Qxa4 19. f4 Bf6 20. Bc4 Qd7 {0-1 (28) Macovei,A (2453)-Antipov,M (2584) Chess.com INT 2020}) 15. Qd2 Nc7 16. c4 cxd5 17. cxd5 {[%emt 0:00:05] [#]} Nxd5 $1 18. Qxd5 {[%emt 0:00:05] Black must now prevent Nc3.} (18. Bd4 Be6) 18... Bxb2 19. Bd4 Be6 20. Qe4 {[%emt 0:00:05] [#]} Bf5 $1 {[%emt 0:01:58][%mdl 64] Deflection} 21. Qxf5 Bxd4 22. Nc3 Bxc3 23. Rc1 Be5 24. Bc4 Qe7 25. Bd5 g6 26. Qf3 Rb8 27. h4 b5 28. h5 b4 29. Rc6 a5 30. Ra6 Rc8 {[%emt 0:02:30] ( -> ...Rc1+)} 31. g3 $1 Kg7 ({Reject} 31... Rc1+ 32. Kg2 $11) (31... Rc3 $15 32. Qe4 Kg7 33. hxg6 hxg6 34. Rxa5 Rc5) 32. Rxa5 (32. Qe3 $11) 32... Rc3 $36 {[%emt 0:02:22][%mdl 2048] Black has some pressure.} 33. Qg4 Rd3 (33... Qf6 $17 {Hoping for ...Rc2.} 34. Ra7 {[#]} Rxg3+ $3 35. fxg3 Bd4+ 36. Kh2 Bxa7 37. Qxb4 Qe5) 34. hxg6 hxg6 35. Ra8 $2 {[%emt 0:01:40][%mdl 8192] White does not recover from this.} Rxd5 36. Qh3 Rd1+ {[%emt 0:00:53] Black mates.} 37. Kh2 {[%emt 0:00:01] [#]} Bxg3+ $1 38. Qxg3 Qe4 {[%emt 0:00:08] Weighted Error Value: White=0.55/Black=0.39} 0-1

[Event "German Masters 2022"]
[Site "Magdeburg"]
[Date "2022.08.17"]
[Round "2.3"]
[White "Svane, Rasmus"]
[Black "Kollars, Dmitrij"]
[Result "1/2-1/2"]
[ECO "C50"]
[WhiteElo "2649"]
[BlackElo "2648"]
[Annotator "TA"]
[PlyCount "66"]
[EventDate "2022.08.16"]
[EventType "tourn"]
[EventCountry "GER"]
[SourceTitle "playchess.com"]
[Source "ChessBase"]
[SourceQuality "1"]
[TimeControl "40/5400+30:1800+30"]

1. e4 e5 2. Nf3 Nc6 3. Bc4 Nf6 4. d3 Bc5 5. c3 d6 6. O-O a5 {[%emt 0:00:48] C54: Giuoco Piano: 4 c3 Nf6, main lines with 5 d4 and 5 d3.} 7. Re1 (7. Bg5 $5 ) 7... O-O 8. h3 h6 9. Nbd2 Be6 10. Bb5 Nd7 11. Nf1 {[%emt 0:03:26] Threatening d4.} d5 {[%emt 0:00:47] [#]} (11... f5 {seems wilder.} 12. exf5 Bxf5 13. d4 Bb6) 12. Ne3 $146 ({Predecessor:} 12. Be3 dxe4 13. dxe4 Qe7 14. Qe2 Rfd8 15. Red1 a4 16. Qc2 a3 17. b4 Bd6 18. N1d2 {1-0 (38) So,W (2776)-Radjabov,T (2753) Stavanger 2022}) 12... dxe4 13. dxe4 Re8 14. Qc2 Na7 15. Bf1 Nc8 16. Ng4 f6 17. Ne3 Nd6 18. Nh4 Kh7 19. Nhf5 g6 20. Nxd6 Bxd6 21. Nc4 Bf8 22. Be3 Qe7 23. b3 b5 24. Nb2 Reb8 25. c4 c6 26. Red1 Nc5 27. Nd3 (27. cxb5 $14 cxb5 28. Rac1) 27... Nxd3 $11 28. Bxd3 a4 29. cxb5 cxb5 30. Qc6 Bd7 {[%emt 0:02:36] The position is equal.} 31. Qd5 Be6 32. Qc6 Bd7 33. Qd5 Be6 {[%emt 0:00:23] Weighted Error Value: White=0.08 (flawless) /Black=0.07 (flawless)} 1/2-1/2

[Event "German Masters 2022"]
[Site "Magdeburg"]
[Date "2022.08.17"]
[Round "2.4"]
[White "Rosner, Jonas"]
[Black "Fridman, Daniel"]
[Result "0-1"]
[ECO "A48"]
[WhiteElo "2478"]
[BlackElo "2599"]
[Annotator "TA"]
[PlyCount "104"]
[EventDate "2022.08.16"]
[EventType "tourn"]
[EventCountry "GER"]
[SourceTitle "playchess.com"]
[Source "ChessBase"]
[SourceQuality "1"]
[TimeControl "40/5400+30:1800+30"]

1. d4 Nf6 2. Nf3 g6 3. c4 Bg7 4. e3 O-O 5. Be2 c5 6. d5 d6 7. Nc3 Na6 {[%emt 0:01:55] E61: King's Indian: Early deviations for White, including Smyslov System.} 8. O-O Nc7 9. e4 Bg4 {[%emt 0:06:24] The position is equal.} 10. h3 Bxf3 11. Bxf3 a6 12. a4 {[%emt 0:04:33][%cal Ba2a4,Ba4a5][%mdl 32] [#] Prevents b5.} e6 $146 ({Predecessor:} 12... Rb8 13. Be2 e6 14. Bf4 e5 15. Be3 a5 16. f4 exf4 17. Bxf4 Nfe8 18. Qd2 Be5 {½-½ (46) Parvanyan,A (2458)-Finek,V (2344) Pardubice 2020}) 13. a5 exd5 14. exd5 Nd7 15. Qc2 f5 (15... Ne8 $11 {keeps the balance.}) 16. Re1 (16. Ne2 $16) 16... Qh4 $11 17. Bd2 (17. Ra3 $1 $11) 17... Bd4 $1 $17 (17... Ne5 18. Be2 $11) 18. Nd1 Ne5 19. Be2 f4 {[%emt 0:08:41] ...f3 is the strong threat. Black is much more active.} 20. Bf1 $1 (20. Qe4 $2 Rae8 21. Bc3 Qg5 $19) 20... g5 21. Ra3 Rae8 22. Re4 Re7 {[%emt 0:02:42] Threatening ...Ne8.} 23. Bc3 Bxc3 24. Rxc3 Ne8 {[%emt 0:03:48] Threatens to win with ...Nf6.} 25. Ne3 $1 Rff7 26. g3 (26. b4 $11) 26... Qh5 $1 (26... Nf3+ $2 27. Kh1 Qh5 28. g4 $18) 27. g4 (27. Ng4 $1 $15) 27... Qg6 ({Don't take} 27... Nf3+ 28. Kh1 Qg6 29. Rxe7 (29. Nf5 Rxe4 30. Qxe4 Ne5 $11) 29... Rxe7 30. Nf5 $18) (27... Qh6 $1 $19 28. Nf5 Rxf5 29. gxf5 Nf6 30. Rxe5 (30. Re2 $2 g4 $19) 30... Rxe5) 28. Nf5 $15 Rxf5 29. gxf5 Qxf5 ({Better is} 29... Qg7 $1 $17 {White should prevent ...Nf6.} 30. Bg2 Nf6) 30. Kh1 $1 $11 Ng7 31. Re1 Qf6 32. b4 $1 cxb4 (32... Nf5 $1 $11 {remains equal.} 33. bxc5 dxc5) 33. Rb3 $16 Nf5 34. Rxb4 {[%emt 0:00:37] Black must now prevent Qb2.} Nd4 {[%emt 0:01:15] [#]} 35. Qb2 ({White has to play} 35. Qb1 $1 $16) 35... Nd3 $11 {[%emt 0:02:50][%mdl 64] Discovered Attack, Double Attack} 36. Rxe7 {[%emt 0:00:35] Intending Re8+ and mate.} Nxb2 {[%emt 0:01:48] Dancing on a razor blade. Pair of Knights!} 37. Rbxb7 {[%emt 0:00:02] aiming for Re8+.} Qf8 {[%emt 0:00:12] Inhibits Re8. Hoping for ...Nd1.} 38. Re4 $2 {[%emt 0:01:31][%mdl 8192] [#]} (38. c5 $11 Nf5 39. Re6) 38... Na4 $1 39. Rxd4 $17 Nc5 $36 {[%emt 0:00:30][%mdl 2048] Black has strong initiative.} 40. Rb6 (40. Rc7 $17) 40... Qe7 $2 (40... Qf6 $19 41. Rd2 g4 42. hxg4 f3) 41. Rd1 (41. Kg1 $17) 41... g4 $19 42. Rbb1 $2 (42. Rb2 {was forced.}) 42... Qe4+ 43. Kg1 g3 44. Re1 (44. Rb2 $142 gxf2+ 45. Rxf2) 44... Qd4 45. Re2 gxf2+ 46. Kh1 Ne4 {[%emt 0:00:26] Black mates.} 47. Reb2 f3 48. Rb8+ Kg7 49. Re8 Ng3+ 50. Kh2 Nxf1+ 51. Rxf1 Qf4+ 52. Kh1 Qg3 {[%emt 0:00:09] Weighted Error Value: White=0.54/Black=0.18 (very precise)} 0-1